 Dungeon Crawl Stone Soup version 0.20-a0-839-gdaf5c57 (webtiles) character file.

841803 dvd the Archmage (level 27, 0/155 HPs)
             Began as a Deep Elf Fire Elementalist on Mar 3, 2017.
             Was the Champion of Vehumet.
             Slain by Cerebov
             ... wielding the +6 sword of Cerebov {flame}
              (1 damage)
             ... in Pandemonium on Mar 8, 2017.
             The game lasted 09:14:30 (85546 turns).

dvd the Archmage (Deep Elf Fire Elementalist)      Turns: 85546, Time: 09:14:31

Health: 0/155      AC: 15    Str: 16    XL:     27
Magic:  5/65       EV: 22    Int: 55    God:    Vehumet [******]
Gold:   9449       SH: 19    Dex: 19    Spells: 1/80 levels left

rFire    + + .     SeeInvis +   G - +2 flail "Tiphien" {crush, MR+ MP+9}
rCold    + . .     Gourm    .   z - +2 leather armour of Xeoskap {*Drain Str+8 Int+8 SInv}
rNeg     . . .     Faith    .   N - +5 shield {reflect}
rPois    +         Spirit   .   (helmet restricted)
rElec    +         Reflect  +   V - +2 cloak {rC+}
rCorr    .         Harm     .   O - +2 pair of gloves
MR       +++..                  Q - +2 pair of boots {Stlth+}
Stlth    +++++++...             K - amulet of Gesoill {Fragile Regen+ Str+4 Int+5}
Regen    1.8/turn               o - ring of Tender Moments {rF++ Int+4 Stlth+}
MPRegen  0.4/turn               Y - ring of Xom's Flight of Fancy {rPois Str-5 Int+4 Dex+4}

@: about to teleport, regenerating (expiring), deflect missiles
A: claws 1, horns 1, electricity resistance, strong 2
}: 6/15 runes: barnacled, slimy, silver, abyssal, demonic, gossamer
a: Renounce Religion


You were in Pandemonium.
You worshipped Vehumet.
Vehumet was exalted by your worship.
You were not hungry.

You visited 12 branches of the dungeon, and saw 54 of its levels.
You visited Pandemonium 1 time, and saw 15 of its levels.
You visited the Abyss 1 time.
You also visited: Sewer, Ice Cave, Volcano and Wizlab.

You collected 9943 gold pieces.
You spent 494 gold pieces at shops.

Inventory:

Hand Weapons
 m - the +6 hand axe "Boryemon" {protect, *Corrode +Blink rElec Int+6}
   (You took it off a spriggan on level 5 of the Depths)

   It protects the one who uses it against injury (+AC on strike).
   It affects your intelligence (+6).
   It insulates you from electricity.
   It lets you blink.
   It may corrode you when you take damage.
 G - the +2 flail "Tiphien" (weapon) {crush, MR+ MP+9}
   (You found it in Pandemonium)

   It inflicts extra damage upon your enemies.
   It affects your resistance to hostile enchantments.
   It affects your magic capacity (+9).
Armour
 z - the +2 leather armour of Xeoskap (worn) {*Drain Str+8 Int+8 SInv}
   (You bought it in a shop on level 13 of the Dungeon)

   It affects your strength (+8).
   It affects your intelligence (+8).
   It lets you see invisible.
   It causes draining when unequipped.
 I - the +2 pair of gloves of the Saviour {-Tele rCorr Str+3}
   (You found it on level 3 of the Elven Halls)

   It affects your strength (+3).
   It prevents most forms of teleportation.
   It protects you from acid and corrosion.
 L - the +1 robe of Uloytuyll {rF+ MR++}
   (You took it off a salamander on level 3 of the Depths)

   It protects you from fire.
   It affects your resistance to hostile enchantments.
 N - a +5 shield of reflection (worn)
 O - a +2 pair of gloves (worn)
 Q - a +2 pair of boots of stealth (worn)
 U - a +2 helmet of intelligence
 V - a +2 cloak of cold resistance (worn)
Magical Staves
 a - an uncursed staff of fire
 J - an uncursed staff of power
Jewellery
 o - the ring of Tender Moments (right hand) {rF++ Int+4 Stlth+}
   (You found it on level 5 of the Pits of Slime)

   [ring of stealth]

   It affects your intelligence (+4).
   It greatly protects you from fire.
   It makes you more stealthy.
 D - the amulet "Daakk" {Reflect +Fly Str+4 Dex+4 SH+4}
   (You found it on level 5 of the Pits of Slime)

   [amulet of reflection]

   It shields you and reflects attacks.
   It affects your strength (+4).
   It affects your dexterity (+4).
   It lets you fly.
   It affects your SH (+4).
 K - the amulet of Gesoill (around neck) {Fragile Regen+ Str+4 Int+5}
   (You found it on level 3 of the Crypt)

   [amulet of regeneration]

   It affects your strength (+4).
   It affects your intelligence (+5).
   It increases your rate of regeneration.
   It will be destroyed if unequipped.
 W - the amulet of Nexet {RegenMP Slay+3 SInv Stlth+}
   (You took it off a deep elf sorcerer on level 3 of the Elven Halls)

   [amulet of magic regeneration]

   It increases your magic regeneration.
   It affects your accuracy and damage with ranged weapons and melee attacks
   (+3).
   It lets you see invisible.
   It makes you more stealthy.
 Y - the ring of Xom's Flight of Fancy (left hand) {rPois Str-5 Int+4 Dex+4}
   (You took it off a deep elf high priest on level 5 of the Vaults)

   [ring of intelligence]

   It affects your strength (-5).
   It affects your intelligence (+4).
   It affects your dexterity (+4).
   It protects you from poison.
Wands
 h - a wand of digging (10/24)
 l - a wand of lightning (6/15)
 r - a wand of iceblast (8/15)
 v - a wand of scattershot (4/9)
 P - a wand of acid (10/15)
 R - a wand of clouds (5/9)
Scrolls
 d - 6 scrolls of magic mapping
 e - 16 scrolls of teleportation
 k - 26 scrolls of remove curse
 p - 13 scrolls of identify
 s - 8 scrolls of recharging
 B - 4 scrolls of blinking
 E - 5 scrolls of fear
 X - 3 scrolls of amnesia
 Z - a scroll of fog
Potions
 g - 8 potions of heal wounds
 i - 3 potions of invisibility
 j - 13 potions of agility
 n - 17 potions of brilliance
 q - 5 potions of cancellation
 t - 20 potions of curing
 w - 7 potions of haste
 x - 13 potions of flight
 A - 8 potions of might
 F - 2 potions of ambrosia
 H - 2 potions of magic
 S - 5 potions of mutation
 T - 5 potions of resistance
Books
 b - a book of Necromancy

   Spells                             Type                      Level
   a - Pain                           Necromancy                   1
   b - Animate Skeleton               Necromancy                   1
   c - Vampiric Draining              Necromancy                   3
   d - Regeneration                   Charms/Necromancy            3
   e - Animate Dead                   Necromancy                   4
   f - Control Undead                 Necromancy                   4
 f - a book of the Tempests

   Spells                             Type                      Level
   a - Static Discharge               Conjuration/Air              3
   b - Lightning Bolt                 Conjuration/Air              5
   c - Ignition                       Fire                         8
   d - Tornado                        Air                          9
   e - Shatter                        Earth                        9
 M - a book of the Warp

   Spells                             Type                      Level
   a - Gell's Gravitas                Translocation                3
   b - Portal Projectile              Hexes/Translocation          3
   c - Force Lance                    Conjuration/Translocation    4
   d - Dispersal                      Translocation                6
   e - Controlled Blink               Translocation                8
   f - Disjunction                    Translocation                8
Comestibles
 c - 30 bread rations
 u - 29 meat rations
 y - a royal jelly
 C - 48 fruits


   Skills:
 * Level 11.1 Fighting
   Level 5.6 Short Blades
   Level 0.5(3.1) Long Blades
 + Level 4.6 Staves
 + Level 1.1 Throwing
 + Level 6.3 Armour
 + Level 12.3 Dodging
 + Level 10.9 Stealth
 * Level 14.5 Shields
 O Level 27 Spellcasting
 + Level 25.3 Conjurations
   Level 2.7 Hexes
 + Level 11.4 Charms
 + Level 6.3 Summonings
 + Level 6.9 Necromancy
 + Level 15.5 Translocations
   Level 2.0 Transmutations
 O Level 27 Fire Magic
 + Level 8.7 Ice Magic
 * Level 18.7 Air Magic
 + Level 2.2 Evocations


You had one spell level left.
You knew the following spells:

 Your Spells              Type           Power        Failure   Level  Hunger
a - Tornado               Air            ########..   1%          9    None
b - Animate Dead          Necr           N/A          1%          4    None
c - Deflect Missiles      Chrm/Air       ########..   1%          6    None
d - Force Lance           Conj/Tloc      ########     0%          4    None
e - Fireball              Conj/Fire      #########.   0%          5    None
f - Ignition              Fire           #########.   1%          8    None
g - Airstrike             Air            ########..   0%          4    None
h - Controlled Blink      Tloc           N/A          1%          8    None
i - Bolt of Cold          Conj/Ice       ########..   1%          6    None
j - Orb of Destruction    Conj           #########.   0%          7    None
k - Bolt of Fire          Conj/Fire      #########.   0%          6    None
l - Spellforged Servitor  Conj/Summ      ########..   1%          7    None
m - Regeneration          Chrm/Necr      ########..   0%          3    None
n - Blink                 Tloc           N/A          0%          2    None


Dungeon Overview and Level Annotations

Branches:
Dungeon (15/15)            Temple (1/1) D:6            Lair (6/6) D:8
 Shoals (4/4) Lair:2       Spider (4/4) Lair:2        Slime (5/5) Lair:5
    Orc (2/2) D:10            Elf (3/3) Orc:2        Vaults (5/5) D:14
  Crypt (3/3) Vaults:3       Tomb (0/3) Crypt:3      Depths (5/5) D:15
   Hell (1/1)                 Dis (0/7) Hell            Geh (0/7) Hell
    Coc (0/7) Hell            Tar (0/7) Hell            Zot (0/5) Depths:5

Altars:
Ashenzari
Cheibriados
Dithmenos
Elyvilon
Fedhas
Gozag
Hepliaklqana
Kikubaaqudgha
Makhleb
Nemelex Xobeh
Okawaru
Qazlal
Ru
Sif Muna
Trog
Uskayaw
Vehumet
Wu Jian
Xom
Yredelemnul
Zin
The Shining One
Lugonu

Shops:
D:13 *:}*   Orc:1 :   Orc:2 =[*(   Elf:1 [   Vaults:1 %   Vaults:2 :
Vaults:4 ?   Depths:2 =}}

Portals:
Hell: Depths:1 Depths:2 Depths:3 Depths:4 Depths:5
Abyss: Depths:1 Depths:3 Depths:4
Pandemonium: Depths:3
Ziggurat: Depths:5

Annotations:
Pan Cerebov


Innate Abilities, Weirdness & Mutations

You have sharp fingernails.
You have a pair of small horns on your head.
You are resistant to electric shocks. (rElec)
Your muscles are very strong. (Str +4)


Message History

The fireball engulfs Cerebov.
Cerebov appears unharmed.
Cerebov is severely wounded.
The fireball engulfs the Tzitzimitl.
The Tzitzimitl is heavily wounded.
You hear a roar!
You block Cerebov's attack.
The Tzitzimitl calls on the powers of darkness!
Your body is wracked with pain!
Unknown command.
Cerebov gestures.
The Tzitzimitl calls on the powers of darkness!
Your body is wracked with pain!
* * * LOW HITPOINT WARNING * * *
Unknown command.
As you read the scroll of teleportation, it crumbles to dust.
You feel strangely unstable.
Cerebov hits you with a great serpentine sword {flame}!!!
* * * LOW HITPOINT WARNING * * *
Cerebov burns you.
You die...

#.#####################.'####,,,*
#'#####################...#*,,,,*
......#...............###.#,,,,,*
#.#.#.#..#####..)..######.#*,,,,*
......#..#...##'''##...##.#*,,,,*
....#.#..#....#.)1#....##.#,,,,,*
......#..#....1.2.)....##.#*,,,,*
....#.#..#......&......##.#*,,,,*
......'..#......@......##.#,,,,,*
....#.####'##.......##+##.#*,,,,*
......#,,#,,#[#...#.#,,*#.#*,,,,*
....#.#,,*,,#.#...#.#,,*#.#,,,,,*
......#+**,,#.......#,,*#.#*,,,,*
#.#.#.#+****###'#'##****#.#*,,,,*
......#,,,,,,,....# ###.#,,,,,*
#'#####*******##*## #...#*,,,,*
#.#####################.'####,,,*


You could see Cerebov, a Tzitzimitl, a Brimstone Fiend and a blizzard demon.

Vanquished Creatures
  the Royal Jelly (Slime:5)
  Mara (Vaults:4)
  Mennas (Depths:5)
  2 juggernauts
  An ancient lich (Crypt:3)
  3 greater mummies (Depths:3)
  Sojobo (Vaults:2)
  Boris (Vaults:2)
  Frederick (Vaults:4)
  9 pandemonium lords (Pan)
  Bai Suzhen (Vaults:2)
  8 caustic shrikes (Depths:2)
  Geryon (Hell)
  Xtahua (Vaults:4)
  The ghost of Laphicet the Crack Shot, a veteran FoFi of Cheibriados (Vaults:4)
  Jory (Vaults:3)
  A golden dragon (Depths:2)
  Nikola (Shoals:4)
  A profane servitor (Abyss:3)
  11 Tzitzimimeh (Pan)
  A hellephant (Pan)
  The ghost of Gorglomux the Phalangite, an adept MfGl of Okawaru (Vaults:3)
  10 liches
  Arachne (Spider:3)
  A bone dragon (Crypt:3)
  Jorgrun (Elf:2)
  The ghost of Morrissey the Minotaur Blade, an adept MiBe of Trog (Vaults:2)
  4 Brimstone Fiends (Pan)
  A Cloud Mage (WizLab)
  2 Ice Fiends (Pan)
  9 tentacled monstrosities
  A deep elf master archer (Elf:3)
  2 Hell Sentinels (Pan)
  Asterion (Vaults:2)
  A quicksilver dragon (Depths:5)
  10 titans
  2 deep elf blademasters (Elf:3)
  A kraken (Shoals:2)
  20 acid blobs
  12 Executioners (Pan)
  The ghost of Laphicet the Unseen, an adept SpWn of Jiyva (Shoals:4)
  7 tentacled starspawn
  7 sphinxes
  An ancient champion (Crypt:1)
  Donald (Elf:2)
  6 storm dragons
  12 tengu reavers
  Kirke (D:15)
  A revenant (Crypt:2)
  Ilsuiw (Shoals:4)
  4 shadow dragons
  7 blood saints (Pan)
  7 azure jellies
  12 fire giants
  9 deep elf sorcerers
  10 frost giants
  Aizul (Crypt:1)
  2 ghouls (Crypt:1)
  5 iron dragons
  Louise (Elf:1)
  7 warmongers (Pan)
  21 balrugs
  An angel (Pan)
  15 vault wardens
  5 deep elf elementalists
  5 ghost moths
  2 curse skulls (Crypt:1)
  16 ironheart preservers
  10 cacodemons
  3 orc warlords
  7 emperor scorpions
  A draconian annihilator (Depths:5)
  A juggernaut zombie (Depths:4)
  6 war gargoyles
  8 spriggan defenders
  18 stone giants
  2 caustic shrike skeletons (Depths:4)
  21 reapers
  6 entropy weavers
  6 vampire knights
  9 deep elf annihilators
  7 deep elf demonologists
  4 corrupters (Pan)
  19 very ugly things
  A lorocyproca (Pan)
  5 black suns (Pan)
  10 spark wasps
  8 death oozes (Slime:5)
  An eidolon (Crypt:2)
  7 deep elf death magi
  8 fire dragons
  4 crystal guardians
  10 blizzard demons
  11 merfolk impalers
  6 merfolk javelineers (Shoals:4)
  14 green deaths
  The ghost of nht the Cruncher, a journeyman DsGl of Yredelemnul (Lair:2)
  Josephine (D:14)
  17 ettins
  10 great orbs of eyes
  10 deep elf high priests
  5 jiangshi
  38 vault guards
  16 yaktaur captains
  2 mummy priests (Depths:3)
  7 rakshasas
  15 ice dragons
  A hell beast (Pan)
  Erolcha (D:9)
  10 hydras
  14 spriggan air magi
  5 merfolk aquamancers
  4 monstrous demonspawn (Pan)
  2 alligator snapping turtles
  A catoblepas (Vaults:1)
  4 death knights
  17 centaur warriors
  4 satyrs
  6 merfolk avatars
  56 two-headed ogres
  29 dancing weapons
  8 deep troll shamans
  3 thrashing horrors (Abyss:2)
  24 ogre magi
  6 orc high priests
  9 spriggan berserkers
  2 vampire magi
  A hell hog (Abyss:2)
  A titan zombie (Crypt:3)
  4 tengu warriors
  9 deep troll earth magi
  2 shock serpents (Vaults:1)
  Nergalle (Lair:1)
  38 soul eaters
  35 sun demons
  18 deep elf knights
  19 hell knights
  6 holy swine (Pan)
  26 skeletal warriors
  2 shadow wraiths
  3 wretched stars
  2 titan skeletons (Crypt:3)
  An iron golem (Hell)
  27 sixfirhies
  4 iron trolls
  12 sea snakes
  An anaconda zombie (Crypt:2)
  32 deep trolls
  14 shadow demons (Pan)
  An unseen horror (D:13)
  5 infernal demonspawn (Pan)
  A glowing orange brain (shapeshifter) (Depths:5)
  A storm dragon skeleton (Depths:2)
  A death drake (shapeshifter) (Vaults:2)
  6 wizards
  6 flayed ghosts
  A golden dragon skeleton (Depths:4)
  A cherub (Pan)
  5 gelid demonspawn (Pan)
  11 torturous demonspawn (Pan)
  13 ironbrand convokers
  7 phantasmal warriors
  An iron dragon zombie (Crypt:2)
  19 necromancers
  15 deep elf archers
  An anaconda skeleton (Crypt:3)
  7 glowing orange brains
  An orange crystal statue (Depths:4)
  15 orb spiders
  6 starcursed masses (Abyss:3)
  2 harpies (shapeshifter)
  13 harpies
  16 orc knights
  63 deep elf magi
  32 wolf spiders
  2 orb spiders (shapeshifter)
  3 frost giant zombies
  A fire giant zombie (Abyss:2)
  37 ugly things
  9 shining eyes
  A sphinx skeleton (Vaults:2)
  7 orc sorcerers
  A tengu skeleton (Vaults:2)
  4 elephants (Lair:4)
  7 cyclopes
  A manticore (shapeshifter) (Vaults:1)
  24 fauns
  10 manticores
  5 salamanders
  A cyclops (shapeshifter) (Depths:4)
  6 merfolk sirens
  2 moths of wrath (shapeshifter)
  A worldbinder (Abyss:3)
  2 moths of wrath
  8 rust devils
  A frost giant skeleton (Crypt:3)
  4 eyes of devastation
  3 water nymphs
  A water nymph (shapeshifter) (Depths:4)
  12 black mambas
  2 gargoyles
  3 stone giant skeletons
  18 vault sentinels
  2 naga magi
  44 smoke demons
  An ice statue (IceCv)
  13 spiny frogs
  5 fire giant skeletons
  3 torpor snails
  A spiny frog (shapeshifter) (Vaults:2)
  15 orange demons
  Joseph (D:9)
  A dire elephant skeleton (Crypt:3)
  An emperor scorpion zombie (Hell)
  2 shock serpent skeletons
  4 efreet (Pan)
  A rime drake (shapeshifter) (Vaults:3)
  A yaktaur (shapeshifter) (Depths:1)
  A storm dragon simulacrum (Vaults:4)
  7 ice devils
  24 freezing wraiths
  16 hellions
  A yaktaur zombie (Hell)
  A rime drake (Lair:6)
  26 tormentors (Pan)
  6 tengu conjurers
  8 komodo dragons
  38 yaktaurs
  10 hellwings
  23 demonic crawlers
  A merfolk (shapeshifter) (Depths:4)
  A spark wasp simulacrum (Depths:2)
  An anaconda simulacrum (Hell)
  25 red devils
  An ancient zyme (Abyss:2)
  28 jumping spiders
  7 trolls
  12 wind drakes
  2 trolls (shapeshifter)
  37 merfolk
  A hornet (shapeshifter) (Vaults:1)
  5 polar bears
  A meliai (shapeshifter) (Depths:4)
  2 hydra zombies (Hell)
  Prince Ribbit (Lair:3)
  20 hornets
  3 hydra skeletons
  18 blink frogs
  A sphinx simulacrum (Depths:2)
  Grinder (D:5)
  5 raiju
  12 hippogriffs
  25 large abominations
  3 spriggan zombies
  10 snapping turtles
  3 human simulacra
  123 slime creatures
  A frost giant simulacrum (Vaults:4)
  3 alligator zombies
  A fire dragon zombie (Hell)
  21 dream sheep
  A hippogriff (shapeshifter) (Vaults:1)
  2 spriggan skeletons (Depths:2)
  47 air elementals
  23 spriggans
  57 flying skulls
  22 shadows
  Sigmund (D:6)
  96 redbacks
  2 ettin skeletons
  14 wraiths
  A spriggan (shapeshifter) (Depths:1)
  A tarantella (shapeshifter) (Abyss:3)
  A vampire (D:10)
  A human (shapeshifter) (Vaults:2)
  A wyvern (shapeshifter) (Depths:5)
  39 ynoxinuls
  10 fire elementals
  22 water elementals
  75 yaks
  34 tarantellas
  3 fire bats (Abyss:3)
  11 golden eyes
  6 hogs (D:15)
  5 wyverns
  Eustachio (D:6)
  6 vampire mosquitoes
  5 basilisks
  A basilisk (shapeshifter) (Depths:5)
  20 chaos spawn
  A redback simulacrum (D:14)
  A yaktaur simulacrum (Vaults:1)
  8 neqoxecs
  4 wargs
  A hungry ghost (D:8)
  Edmund (D:6)
  A soldier ant (shapeshifter) (Depths:4)
  7 insubstantial wisps (WizLab)
  5 deep troll zombies
  A soldier ant (D:12)
  3 acid dragons
  A spiny frog zombie (Hell)
  8 hell hounds
  24 water moccasins
  3 floating eyes (Depths:4)
  6 porcupines
  A swamp drake (Abyss:3)
  9 ice beasts
  2 two-headed ogre skeletons
  An ogre skeleton (Vaults:1)
  3 alligator simulacra
  64 orc warriors
  5 black bears
  An orc zombie (Vaults:1)
  4 sky beasts
  2 phantoms
  57 ogres
  3 eyes of draining
  30 wolves
  13 boggarts
  2 elf zombies
  24 centaurs
  8 necrophages
  A swamp dragon skeleton (Crypt:1)
  7 crocodiles
  A hog zombie (Crypt:2)
  19 bullfrogs
  6 big kobolds
  Blork the orc (D:6)
  A yaktaur skeleton (Crypt:2)
  4 earth elementals
  A glowing shapeshifter simulacrum (Vaults:4)
  2 wyvern zombies
  3 small abominations
  3 scorpions
  An orc simulacrum (Vaults:1)
  11 killer bees
  2 electric eels
  7 crimson imps
  3 howler monkeys (D:9)
  2 bullfrog zombies
  6 draconian simulacra (IceCv)
  3 quasits
  26 orc priests
  3 jellies
  30 orc wizards
  4 centaur zombies
  6 hounds
  2 iron imps (Hell)
  7 centaur skeletons
  A bullfrog skeleton (D:8)
  7 iguanas
  4 lightning spires (Vaults:1)
  15 worker ants
  5 spriggan simulacra (IceCv)
  2 wolf simulacra (IceCv)
  6 centaur simulacra
  A demigod zombie (Crypt:2)
  2 hound zombies
  10 gnolls
  2 howler monkey skeletons
  13 adders
  2 naga simulacra (IceCv)
  2 ogre simulacra (IceCv)
  A river rat (Sewer)
  2 shadow imps
  A swamp drake skeleton (Crypt:1)
  12 white imps (IceCv)
  4 oozes
  An adder zombie (D:7)
  An adder skeleton (D:9)
  A lava snake skeleton (Crypt:1)
  6 worms
  A ball lightning (Vaults:1)
  3 dart slugs
  5 leopard geckos
  114 orcs
  8 ball pythons
  8 giant cockroaches
  12 goblins
  5 hobgoblins
  8 jackals
  8 quokkas
  11 bats
  5 frilled lizards
  A gnoll skeleton (Crypt:2)
  32 kobolds
  A leopard gecko skeleton (D:5)
  A leopard gecko zombie (D:6)
  A quokka skeleton (D:4)
  A quokka zombie (D:5)
  26 rats
  A rat zombie (Crypt:2)
  4 bushes (Lair:6)
  7 fungi
  39 plants
  4 starspawn tentacles
  4 tentacles (Shoals:2)
3539 creatures vanquished.

Vanquished Creatures (collateral kills)
  An ancient lich (Depths:5)
  A golden dragon (Vaults:4)
  A pandemonium lord (Pan)
  A tentacled monstrosity (Depths:5)
  An Ice Fiend (Pan)
  A quicksilver dragon (Depths:2)
  2 Executioners (Pan)
  An acid blob (Slime:2)
  A storm dragon (Depths:5)
  3 tengu reavers
  2 fire giants (Depths:5)
  4 iron dragons (Depths:5)
  A frost giant (Depths:5)
  A cacodemon (Pan)
  An emperor scorpion (Spider:4)
  3 stone giants
  2 very ugly things
  3 reapers (Pan)
  2 black suns (Pan)
  A merfolk javelineer (Shoals:1)
  A blizzard demon (Pan)
  2 ettins
  2 yaktaur captains
  2 jiangshi (Crypt:1)
  A great orb of eyes (Depths:5)
  2 ice dragons
  A monstrous demonspawn (Pan)
  A two-headed ogre (Depths:3)
  A death knight (Crypt:1)
  A deep troll earth mage (Depths:5)
  A spriggan berserker (Depths:2)
  2 hell knights
  A sun demon (Pan)
  A storm dragon zombie (Crypt:1)
  4 soul eaters
  3 skeletal warriors
  A flayed ghost (Depths:5)
  A storm dragon skeleton (Crypt:3)
  A gelid demonspawn (Pan)
  An infernal demonspawn (Pan)
  A deep troll (Depths:3)
  A phantasmal warrior (Crypt:3)
  3 sea snakes
  An orc knight (Vaults:3)
  2 harpies (Shoals:3)
  5 wolf spiders
  A frost giant skeleton (Crypt:3)
  A water nymph (Shoals:3)
  2 black mambas (Lair:5)
  A spiny frog (Lair:6)
  2 smoke demons (Pan)
  2 demonic crawlers (Pan)
  2 freezing wraiths (Crypt:1)
  A hellwing (Pan)
  A tormentor (Pan)
  4 merfolk
  5 jumping spiders
  2 dream sheep (Lair:6)
  5 blink frogs
  4 slime creatures
  A fire dragon zombie (Crypt:3)
  2 large abominations (Pan)
  3 redbacks
  2 small abominations (Abyss:2)
  4 flying skulls (Crypt:1)
  4 tarantellas (Spider:3)
  2 ynoxinuls (Pan)
  7 yaks
  A fire bat (Abyss:3)
  A steam dragon (Lair:4)
  4 chaos spawn (Pan)
  A water moccasin (Lair:5)
  A porcupine (Lair:4)
  An orc warrior (Vaults:2)
  A necrophage (Crypt:3)
  An ogre (shapeshifter) (Depths:5)
  A wolf (Lair:1)
  2 ogres (Vaults:1)
  2 crocodiles
  2 bullfrogs (Lair:5)
  An earth elemental (Vaults:1)
  A crimson imp (D:9)
  An iron imp (Abyss:3)
  An ufetubus (Abyss:2)
  A starspawn tentacle (Abyss:2)
157 creatures vanquished.

Vanquished Creatures (others)
  A golden dragon (Vaults:5)
  A lich (Abyss:3)
  2 stone giants
  A merfolk javelineer (Shoals:4)
  2 yaktaur captains
  3 centaur warriors
  A deep elf archer (Elf:2)
  An orc knight (Vaults:3)
  A cyclops (Vaults:2)
  2 yaktaurs
  3 dream sheep (Lair:3)
  An air elemental (Depths:3)
  A human (D:15)
  A chaos spawn (Pan)
  A hell hound (Hell)
  A centaur (Vaults:1)
  A ball lightning (Vaults:1)
  4 bushes
  23 fungi
  57 plants
  12 starspawn tentacles
  4 tentacles (Shoals:2)
124 creatures vanquished.

Grand Total: 3820 creatures vanquished

Notes
Turn   | Place    | Note
-------+----------+-------------------------------------------
     0 | D:1      | dvd the Deep Elf Fire Elementalist began the quest for the Orb.
     0 | D:1      | Reached XP level 1. HP: 10/10 MP: 6/6
   310 | D:1      | Reached XP level 2. HP: 15/15 MP: 1/8
   375 | D:1      | Learned a level 2 spell: Throw Flame
   696 | D:1      | Reached XP level 3. HP: 19/19 MP: 4/9
   743 | D:1      | Learned a level 3 spell: Conjure Flame
  1467 | D:2      | Reached XP level 4. HP: 24/24 MP: 6/11
  1513 | D:2      | Learned a level 4 spell: Sticky Flame
  2760 | D:3      | Reached XP level 5. HP: 28/28 MP: 11/13
  3207 | D:3      | Reached skill level 5 in Spellcasting
  3733 | D:4      | Noticed an ogre
  3740 | D:4      | Killed an ogre
  3740 | D:4      | Reached skill level 5 in Fire Magic
  3740 | D:4      | Reached XP level 6. HP: 33/33 MP: 5/16
  4352 | D:4      | Found a sacrificial altar of Ru.
  4358 | D:4      | Found a blossoming altar of Fedhas.
  4362 | D:4      | Found a deep blue altar of Sif Muna.
  4411 | D:4      | Reached XP level 7. HP: 37/37 MP: 12/17
  4428 | D:4      | Reached skill level 5 in Stealth
  4554 | D:5      | Entered Level 5 of the Dungeon
  4563 | D:4      | Learned a level 5 spell: Fireball
  4567 | D:5      | Reached skill level 1 in Short Blades
  4567 | D:5      | Reached skill level 1 in Fighting
  4996 | D:5      | Found an opulent altar of Gozag.
  5033 | D:5      | Found a stormy altar of Qazlal.
  5153 | D:5      | Noticed Grinder
  5156 | D:5      | Killed Grinder
  5162 | D:5      | Reached XP level 8. HP: 37/43 MP: 3/20
  5280 | D:5      | Reached skill level 5 in Conjurations
  5341 | D:5      | Learned a level 3 spell: Inner Flame
  5735 | D:6      | Found a staircase to the Ecumenical Temple.
  5741 | Temple   | Entered the Ecumenical Temple
  5827 | Temple   | Became a worshipper of Vehumet
  5937 | D:6      | Noticed Eustachio
  5948 | D:6      | Killed Eustachio
  6040 | D:6      | Found a glowing drain.
  6050 | Sewer    | Entered a sewer
  6809 | D:6      | Noticed Sigmund
  6815 | D:6      | Killed Sigmund
  6864 | D:6      | Noticed Edmund
  6877 | D:6      | Killed Edmund
  7151 | D:6      | Reached * piety under Vehumet
  7151 | D:6      | Offered knowledge of Sandblast by Vehumet.
  7157 | D:6      | Reached XP level 9. HP: 47/47 MP: 14/23
  7225 | D:6      | Noticed Blork the orc
  7231 | D:6      | Killed Blork the orc
  7446 | D:6      | Gained mutation: You expend magic power (3 MP) to strengthen your wands. [potion of mutation]
  7446 | D:6      | Gained mutation: Your body sometimes deteriorates upon taking damage. [potion of mutation]
  7446 | D:6      | Gained mutation: Your mind is acute. (Int +2) [potion of mutation]
  7447 | D:6      | Lost mutation: Your body sometimes deteriorates upon taking damage. [potion of mutation]
  7447 | D:6      | Lost mutation: You expend magic power (3 MP) to strengthen your wands. [potion of mutation]
  7447 | D:6      | Gained mutation: You are resistant to electric shocks. (rElec) [potion of mutation]
  7447 | D:6      | Gained mutation: You have sharp toenails. [potion of mutation]
  7447 | D:6      | Gained mutation: You are weak. (Str -2) [potion of mutation]
  7447 | D:6      | Gained mutation: You evolve. [potion of mutation]
  7541 | D:7      | Noticed a manticore
  7838 | D:7      | Noticed Joseph
  8287 | D:7      | Killed a manticore
  8845 | D:7      | Reached skill level 10 in Spellcasting
  8921 | D:8      | Noticed a two-headed ogre
  8933 | D:8      | Killed a two-headed ogre
  8933 | D:8      | Reached XP level 10. HP: 22/53 MP: 15/26
  9337 | D:8      | Found a staircase to the Lair.
  9369 | D:8      | Lost mutation: You are weak. (Str -2) [evolution]
 10042 | D:8      | Noticed a three-headed hydra
 10052 | D:8      | Offered knowledge of Searing Ray by Vehumet.
 10058 | D:8      | Killed a three-headed hydra
 10058 | D:8      | Reached ** piety under Vehumet
 10636 | D:9      | Noticed Erolcha
 10639 | D:9      | Killed Erolcha
 10639 | D:9      | Reached skill level 1 in Shields
 10639 | D:9      | Reached skill level 1 in Hexes
 10841 | D:9      | Killed Joseph
 10841 | D:9      | Reached XP level 11. HP: 58/58 MP: 16/29
 10855 | D:9      | Offered knowledge of Ignite Poison by Vehumet.
 10859 | D:9      | Reached skill level 1 in Throwing
 11001 | D:9      | Learned a level 3 spell: Ignite Poison
 11005 | D:9      | Reached skill level 5 in Dodging
 11061 | D:9      | Reached *** piety under Vehumet
 11061 | D:9      | Reached skill level 10 in Fire Magic
 11549 | D:9      | Noticed a centaur warrior
 11551 | D:9      | Offered knowledge of Dazzling Spray by Vehumet.
 11552 | D:9      | Killed a centaur warrior
 12066 | D:9      | Found a white marble altar of Elyvilon.
 12148 | D:10     | Entered Level 10 of the Dungeon
 12207 | D:10     | Found a staircase to the Orcish Mines.
 12217 | D:10     | Reached **** piety under Vehumet
 12579 | D:10     | Offered knowledge of Iskenderun's Battlesphere by Vehumet.
 12586 | D:10     | Learned a level 5 spell: Iskenderun's Battlesphere
 13558 | D:10     | Learned a level 4 spell: Summon Lightning Spire
 13680 | Lair:1   | Entered Level 1 of the Lair of Beasts
 13761 | Lair:1   | Reached skill level 1 in Air Magic
 14097 | Lair:1   | Reached ***** piety under Vehumet
 14097 | Lair:1   | Offered knowledge of Orb of Destruction by Vehumet.
 14115 | Lair:1   | Learned a level 7 spell: Orb of Destruction
 14201 | Lair:1   | Reached skill level 10 in Conjurations
 14202 | Lair:1   | Reached XP level 12. HP: 64/64 MP: 18/31
 14212 | Lair:1   | Reached skill level 1 in Charms
 14213 | Lair:1   | Noticed a four-headed hydra
 14255 | Lair:1   | Noticed Nergalle
 14409 | Lair:1   | Killed Nergalle
 14836 | Lair:1   | Gained mutation: You expend magic power (3 MP) to strengthen your wands. [evolution]
 14959 | Lair:1   | Killed a four-headed hydra
 15121 | Lair:2   | Noticed nht's ghost (journeyman DsGl)
 15364 | Lair:2   | Found a dark tunnel.
 15419 | Volcano  | Entered a volcano
 15823 | Volcano  | Noticed a centaur warrior
 15827 | Volcano  | Killed a centaur warrior
 16119 | Lair:2   | Noticed a six-headed hydra
 16126 | Lair:2   | Killed a six-headed hydra
 16288 | Lair:2   | Found a staircase to the Shoals.
 16416 | Lair:2   | Reached skill level 15 in Spellcasting
 16728 | Lair:2   | Killed nht's ghost
 16728 | Lair:2   | Reached skill level 1 in Summonings
 16939 | Lair:2   | Found a hole to the Spider Nest.
 16941 | Lair:2   | Reached XP level 13. HP: 68/68 MP: 28/34
 17285 | Lair:3   | Reached skill level 5 in Air Magic
 17319 | Lair:3   | Noticed Prince Ribbit
 17320 | Lair:3   | Offered knowledge of Lee's Rapid Deconstruction by Vehumet.
 17330 | Lair:3   | Killed Prince Ribbit
 17468 | Lair:3   | Found a shimmering altar of Xom.
 17601 | Lair:3   | Gained mutation: You are partially covered in molten scales. (AC +2) [evolution]
 18334 | Lair:4   | Reached skill level 1 in Transmutations
 18954 | Lair:4   | Reached skill level 5 in Short Blades
 19444 | Lair:5   | Offered knowledge of Venom Bolt by Vehumet.
 19472 | Lair:5   | Learned a level 5 spell: Venom Bolt
 19524 | Lair:5   | Found a staircase to the Slime Pits.
 19642 | Lair:5   | Lost mutation: You are partially covered in molten scales. (AC +2) [evolution]
 20000 | Lair:6   | Entered Level 6 of the Lair of Beasts
 20108 | Lair:6   | Reached XP level 14. HP: 76/76 MP: 12/36
 20668 | Lair:6   | Lost mutation: You expend magic power (3 MP) to strengthen your wands. [evolution]
 20771 | Lair:6   | Learned a level 6 spell: Deflect Missiles
 20921 | Lair:6   | Reached skill level 5 in Charms
 21552 | Lair:6   | Got a crude plate armour
 21576 | Lair:6   | Identified the cursed +1 plate armour of the Game Afoot {rElec Int+6 Dex+3} (You found it on level 6 of the Lair of Beasts)
 21639 | Lair:6   | Reached skill level 5 in Fighting
 22177 | D:10     | Offered knowledge of Conjure Ball Lightning by Vehumet.
 22202 | Orc:1    | Entered Level 1 of the Orcish Mines
 22329 | Orc:1    | Found a frozen archway.
 22360 | IceCv    | Entered an ice cave
 22940 | IceCv    | Found an ancient bone altar of Kikubaaqudgha.
 23705 | Orc:1    | Found Jiysiugh's Book Shop.
 23790 | Orc:2    | Entered Level 2 of the Orcish Mines
 23790 | Orc:2    | Found a staircase to the Elven Halls.
 23815 | Orc:2    | Noticed an orc warlord
 24019 | Orc:1    | Killed an orc warlord
 24089 | Orc:1    | Offered knowledge of Bolt of Fire by Vehumet.
 24099 | Orc:1    | Learned a level 6 spell: Bolt of Fire
 24733 | Orc:2    | Reached XP level 15. HP: 66/84 MP: 13/38
 25024 | Orc:2    | Found Weabrul's General Store.
 25036 | Orc:2    | Noticed an orc warlord
 25042 | Orc:2    | Killed an orc warlord
 25193 | Orc:2    | Found Fefuffo's Antique Weapon Emporium.
 25244 | Orc:2    | Found Amant's Jewellery Shoppe.
 25310 | Orc:2    | Found Sim Vuic's Antique Armour Boutique.
 25322 | Orc:2    | Bought a runed helmet for 277 gold pieces
 25690 | D:11     | Reached skill level 1 in Armour
 25690 | D:11     | Reached skill level 1 in Evocations
 25690 | D:11     | Reached XP level 16. HP: 90/90 MP: 40/40
 26202 | D:11     | Offered knowledge of Iron Shot by Vehumet.
 27155 | D:12     | Found a glowing silver altar of Zin.
 27839 | Spider:1 | Entered Level 1 of the Spider Nest
 27920 | Spider:1 | Gained mutation: Your muscles are strong. (Str +2) [evolution]
 27920 | Spider:1 | Lost mutation: You evolve. [end of evolution]
 28431 | Spider:1 | Offered knowledge of Spellforged Servitor by Vehumet.
 28855 | Spider:1 | Got an ebony falchion
 28856 | Spider:1 | Identified the +4 falchion of the Augurer {holy, -Tele Str+5 SInv} (You found it on level 1 of the Spider Nest)
 29386 | Spider:2 | Got a transparent chain mail
 29387 | Spider:2 | Identified the cursed +0 chain mail of Favif {rC++ Str+5} (You found it on level 2 of the Spider Nest)
 30848 | Spider:3 | Reached ****** piety under Vehumet
 30944 | Spider:2 | Learned a level 7 spell: Spellforged Servitor
 31029 | Spider:3 | Reached XP level 17. HP: 74/97 MP: 26/42
 31051 | Spider:3 | Noticed Arachne
 31204 | Spider:3 | Offered knowledge of Shatter by Vehumet.
 31204 | Spider:3 | Offered knowledge of Tornado by Vehumet.
 31204 | Spider:3 | Offered knowledge of Ignition by Vehumet.
 31667 | Spider:3 | Killed Arachne
 32528 | Spider:4 | Entered Level 4 of the Spider Nest
 32599 | Spider:4 | Reached skill level 15 in Fire Magic
 32816 | Spider:4 | Reached skill level 15 in Conjurations
 34149 | Spider:4 | Learned a level 8 spell: Ignition
 34321 | Spider:4 | Got a gossamer rune of Zot
 34357 | Spider:4 | Upgraded the game from 0.20-a0-809-gaf7f668 to 0.20-a0-820-g557356e
 34690 | D:13     | Found Xidegaem's Assorted Antiques.
 35014 | D:13     | Found Plog's Assorted Antiques.
 35029 | D:13     | Bought a pitted leather armour for 217 gold pieces
 35043 | D:13     | Identified the +2 leather armour of Xeoskap {*Drain Str+8 Int+8 SInv} (You bought it in a shop on level 13 of the Dungeon)
 35093 | D:13     | Identified the cursed +0 leather armour "Sues" {+Fly rElec Str+3} (You found it on level 13 of the Dungeon)
 35188 | D:13     | Found Sipuunyr's Book Shoppe.
 35243 | D:13     | Reached skill level 1 in Staves
 35339 | D:13     | Found Lidykh's Gadget Emporium.
 35930 | D:14     | Reached XP level 18. HP: 102/102 MP: 13/44
 36097 | D:14     | Found a gate to the Vaults.
 36157 | D:14     | Noticed Josephine
 36161 | D:14     | Killed Josephine
 36516 | D:15     | Entered Level 15 of the Dungeon
 36666 | D:15     | Noticed Kirke
 36751 | D:15     | Killed Kirke
 36901 | D:15     | Found a staircase to the Depths.
 37665 | Elf:1    | Entered Level 1 of the Elven Halls
 37770 | Elf:1    | Found Qaumoh's Armour Boutique.
 37797 | Elf:1    | Noticed Louise
 37802 | Elf:1    | Killed Louise
 38081 | Elf:1    | Learned a level 4 spell: Airstrike
 38578 | Elf:1    | Identified the Reference Book on Supportive Battle Magic
 39347 | Elf:2    | Found a runed gate.
 39347 | Elf:2    | Found a runed gate.
 39347 | Elf:2    | Found a runed gate.
 39403 | Elf:2    | Noticed Jorgrun
 39540 | Elf:2    | Noticed Donald
 39546 | Elf:2    | Killed Donald
 39762 | Elf:2    | Killed Jorgrun
 40055 | Elf:2    | Reached XP level 19. HP: 107/107 MP: 47/47
 40364 | Elf:3    | Entered Level 3 of the Elven Halls
 41053 | Elf:3    | Identified the +3 chain mail of Taorhaur {rF+++ MR- Regen+} (You took it off a deep elf blademaster on level 3 of the Elven Halls)
 41267 | Elf:3    | Got a scintillating crystal amulet
 41280 | Elf:3    | Identified the amulet of Nexet {RegenMP Slay+3 SInv Stlth+} (You took it off a deep elf sorcerer on level 3 of the Elven Halls)
 41754 | Elf:3    | Identified the Handbook of Captivating Venom
 41782 | Elf:3    | Got a shimmering cloak
 41793 | Elf:3    | Identified the cursed -2 cloak of Prudence {MP+9 Int-3 Dex+3} (You found it on level 3 of the Elven Halls)
 41843 | Elf:3    | Got a pair of faintly humming gloves
 41854 | Elf:3    | Identified the +2 pair of gloves of the Saviour {-Tele rCorr Str+3} (You found it on level 3 of the Elven Halls)
 41929 | Elf:3    | Upgraded the game from 0.20-a0-820-g557356e to 0.20-a0-823-gdec668e
 42427 | Shoals:1 | Entered Level 1 of the Shoals
 42767 | Shoals:1 | Reached skill level 5 in Shields
 43507 | Shoals:2 | Got a shimmering bronze ring
 43509 | Shoals:2 | Identified the ring "Rist" {+Inv MR- Str+2 SInv Stlth+} (You found it on level 2 of the Shoals)
 43570 | Shoals:2 | Reached XP level 20. HP: 94/112 MP: 49/49
 44727 | Shoals:4 | Entered Level 4 of the Shoals
 44803 | Shoals:4 | Noticed Nikola
 44818 | Shoals:4 | Killed Nikola
 44819 | Shoals:4 | Noticed Laphicet's ghost (adept SpWn)
 44820 | Shoals:4 | Noticed Ilsuiw
 44824 | Shoals:4 | Killed Ilsuiw
 44825 | Shoals:4 | Killed Laphicet's ghost
 45196 | Shoals:4 | Identified Sif Muna's Grimoire of Toxins and Enhancements
 45211 | Shoals:4 | Learned a level 7 spell: Ring of Flames
 45247 | Shoals:4 | Identified the ring of Qimo {Int+4 Dex+5} (You took it off a merfolk on level 4 of the Shoals)
 45289 | Shoals:4 | Got a barnacled rune of Zot
 46386 | Slime:1  | Entered Level 1 of the Pits of Slime
 46914 | Slime:2  | Gained mutation: You expend magic power (3 MP) to strengthen your wands. [a shining eye]
 47000 | Slime:3  | Gained mutation: Your body sometimes deteriorates upon taking damage. [a shining eye]
 47553 | Slime:4  | Reached XP level 21. HP: 116/116 MP: 43/52
 48014 | Slime:5  | Entered Level 5 of the Pits of Slime
 48139 | Slime:5  | Noticed the Royal Jelly
 48189 | Slime:5  | Killed the Royal Jelly
 48294 | Slime:5  | Gained mutation: You occasionally shout uncontrollably at your foes. [a shining eye]
 48300 | Slime:5  | Identified the Guide on Combat Magic
 48320 | Slime:5  | Got an ivory rapier
 48321 | Slime:5  | Identified the +12 rapier of Slow Death {antimagic, *Drain MP+9 Str+10} (You found it on level 5 of the Pits of Slime)
 48358 | Slime:5  | Got a flickering steel ring
 48359 | Slime:5  | Identified the ring of Tablur {rN+ Int-5 Slay+3 SInv} (You found it on level 5 of the Pits of Slime)
 48365 | Slime:5  | Got a crude bronze amulet
 48367 | Slime:5  | Identified the amulet "Daakk" {Reflect +Fly Str+4 Dex+4 SH+4} (You found it on level 5 of the Pits of Slime)
 48431 | Slime:5  | Got a slimy rune of Zot
 48437 | Slime:5  | Got a fine brass ring
 48439 | Slime:5  | Identified the ring of Tender Moments {rF++ Int+4 Stlth+} (You found it on level 5 of the Pits of Slime)
 48912 | Slime:5  | Lost mutation: You have sharp toenails. [potion of mutation]
 48912 | Slime:5  | Lost mutation: Your mind is acute. (Int +2) [potion of mutation]
 48912 | Slime:5  | Lost mutation: Your body sometimes deteriorates upon taking damage. [potion of mutation]
 48912 | Slime:5  | Lost mutation: You expend magic power (3 MP) to strengthen your wands. [potion of mutation]
 48912 | Slime:5  | Lost mutation: Your muscles are strong. (Str +2) [potion of mutation]
 48912 | Slime:5  | Lost mutation: You occasionally shout uncontrollably at your foes. [potion of mutation]
 48912 | Slime:5  | Gained mutation: Your muscles are strong. (Str +2) [potion of mutation]
 48912 | Slime:5  | Gained mutation: You have sharp fingernails. [potion of mutation]
 48912 | Slime:5  | Gained mutation: You are partially covered in molten scales. (AC +2) [potion of mutation]
 49266 | Vaults:1 | Entered Level 1 of the Vaults
 49499 | Vaults:1 | Learned a level 4 spell: Force Lance
 49554 | Vaults:1 | Reached skill level 1 in Translocations
 49617 | Vaults:1 | Found Jady's Food Boutique.
 50416 | Vaults:1 | Identified the Tome of Stones
 50768 | Vaults:1 | Identified Rasuonee's Catalogue of Air
 51021 | Vaults:1 | Reached XP level 22. HP: 93/122 MP: 54/54
 51187 | Vaults:1 | Reached skill level 5 in Translocations
 51464 | Vaults:2 | Noticed Sojobo
 51469 | Vaults:2 | Killed Sojobo
 52290 | Vaults:2 | Noticed Morrissey's ghost (adept MiBe)
 52294 | Vaults:2 | Killed Morrissey's ghost
 52640 | Vaults:2 | Found Hoaffuev's Book Shoppe.
 53035 | Vaults:2 | Noticed Bai Suzhen
 53040 | Vaults:2 | Killed Bai Suzhen
 53087 | Vaults:2 | Noticed Asterion
 53091 | Vaults:2 | Killed Asterion
 53092 | Vaults:2 | Noticed Boris
 53097 | Vaults:2 | Killed Boris
 53097 | Vaults:2 | Reached skill level 27 in Spellcasting
 53329 | Vaults:3 | Noticed Gorglomux's ghost (adept MfGl)
 53341 | Vaults:3 | Killed Gorglomux's ghost
 53410 | Vaults:3 | Reached skill level 10 in Air Magic
 53597 | Vaults:3 | Noticed Jory
 53605 | Vaults:3 | Killed Jory
 53818 | Vaults:3 | Identified the +2 robe of Tenacity {rF+} (You found it on level 3 of the Vaults)
 53909 | Vaults:3 | Found a staircase to the Crypt.
 53909 | Vaults:3 | Found a basalt altar of Yredelemnul.
 53910 | Vaults:3 | Found an ancient bone altar of Kikubaaqudgha.
 54214 | Vaults:3 | Identified the +7 mace of Holafirgh {vamp, rPois} (You found it on level 3 of the Vaults)
 54395 | Vaults:3 | Reached XP level 23. HP: 125/125 MP: 37/56
 55293 | Vaults:4 | Noticed Laphicet's ghost (veteran FoFi)
 55510 | Vaults:4 | Noticed Xtahua
 55521 | Vaults:4 | Learned a level 6 spell: Bolt of Cold
 55527 | Vaults:4 | Killed Xtahua
 55834 | Vaults:4 | Found Xaryinit's Magic Scroll Shoppe.
 56147 | Vaults:4 | Killed Laphicet's ghost
 56349 | Vaults:4 | Noticed Frederick
 56354 | Vaults:4 | Killed Frederick
 56592 | Vaults:5 | Entered Level 5 of the Vaults
 57112 | Vaults:5 | Reached XP level 24. HP: 108/131 MP: 56/56
 57117 | Vaults:5 | Reached skill level 1 in Ice Magic
 57228 | Vaults:5 | Noticed Mara
 57242 | Vaults:4 | Killed Mara
 57242 | Vaults:4 | Reached skill level 10 in Dodging
 57242 | Vaults:4 | Reached skill level 10 in Translocations
 57442 | Vaults:5 | Identified the ring of Xom's Flight of Fancy {rPois Str-5 Int+4 Dex+4} (You took it off a deep elf high priest on level 5 of the Vaults)
 57457 | Vaults:5 | Got a polished short sword {holy}
 57458 | Vaults:5 | Identified the +1 short sword of Drought {holy, rElec} (You took it off a deep elf sorcerer on level 5 of the Vaults)
 57494 | Vaults:5 | Got a silver rune of Zot
 57502 | Vaults:5 | Identified Sif Muna's Catalogue of Cloudy Aid
 57507 | Vaults:5 | Learned a level 3 spell: Regeneration
 57510 | Vaults:5 | Got a spiked scarf
 57521 | Vaults:5 | Identified the scarf of Lytilocehi {+Fly rElec Dex-4} (You found it on level 5 of the Vaults)
 57720 | Vaults:5 | Identified the +4 chain mail of Sonneogg {+Blink rElec} (You found it on level 5 of the Vaults)
 59070 | Vaults:5 | Upgraded the game from 0.20-a0-823-gdec668e to 0.20-a0-830-g2c9a30d
 59280 | Depths:1 | Entered Level 1 of the Depths
 60100 | Depths:1 | Found a corrupted altar of Lugonu.
 60100 | Depths:1 | Found a one-way gate to the infinite horrors of the Abyss.
 60264 | Depths:1 | Found a gateway to Hell.
 60476 | Depths:2 | Reached XP level 25. HP: 136/136 MP: 34/56
 60601 | Depths:2 | Found a magical portal.
 60613 | WizLab   | Entered The Chambers of the Cloud Mage
 61638 | WizLab   | Identified the Volume of Weightlessness
 61641 | WizLab   | Identified Bumik's Tome of Lightness
 61858 | Depths:2 | Found Izxyejag's Gadget Emporium.
 61877 | Depths:2 | Found Gonajimm's Gadget Emporium.
 61881 | Depths:2 | Found Poetied's Jewellery Shop.
 62499 | Depths:2 | Reached skill level 1 in Necromancy
 63165 | Depths:2 | Got a steaming brass ring
 63167 | Depths:2 | Identified the cursed ring of Xyreejef {rF++ Str+3 Dex-3} (You took it off a spriggan berserker on level 2 of the Depths)
 63412 | Depths:2 | Learned a level 4 spell: Animate Dead
 63487 | Depths:2 | Noticed a juggernaut
 63507 | Depths:2 | Killed a juggernaut
 63507 | Depths:2 | Reached XP level 26. HP: 141/141 MP: 28/56
 64211 | Depths:3 | Reached skill level 5 in Armour
 64368 | Depths:3 | Learned a level 2 spell: Blink
 64495 | Depths:3 | Learned a level 8 spell: Controlled Blink
 64508 | Depths:3 | Got a twisted robe
 64509 | Depths:3 | Identified the +1 robe of Uloytuyll {rF+ MR++} (You took it off a salamander on level 3 of the Depths)
 64572 | Depths:3 | Found a one-way gate leading to the halls of Pandemonium.
 65014 | Depths:3 | Noticed a greater mummy
 65020 | Depths:3 | Killed a greater mummy
 65073 | Depths:3 | Noticed a greater mummy
 65077 | Depths:3 | Killed a greater mummy
 65208 | Depths:3 | Noticed a greater mummy
 65213 | Depths:3 | Killed a greater mummy
 65399 | Depths:4 | Paralysed by a floating eye for 3 turns
 65809 | Depths:4 | Reached skill level 5 in Ice Magic
 65820 | Depths:4 | Reached skill level 10 in Shields
 65865 | Depths:4 | Identified the Papyrus of the Noxious Escort
 66484 | Depths:5 | Entered Level 5 of the Depths
 66575 | Depths:5 | Noticed Mennas
 66581 | Depths:5 | Killed Mennas
 66728 | Depths:5 | Found a burning altar of Makhleb.
 66729 | Depths:5 | Found a gateway to a ziggurat.
 66729 | Depths:5 | Found a hide-covered altar of Uskayaw.
 66737 | Depths:5 | Found a shimmering altar of Xom.
 66874 | Depths:5 | Noticed an ancient lich
 66884 | Depths:5 | Killed an ancient lich
 67193 | Depths:5 | Got a crystal hand axe {protect}
 67194 | Depths:5 | Identified the +6 hand axe "Boryemon" {protect, *Corrode +Blink rElec Int+6} (You took it off a spriggan on level 5 of the Depths)
 67218 | Depths:5 | Reached skill level 5 in Summonings
 67366 | Depths:5 | Reached XP level 27. HP: 145/146 MP: 19/56
 68664 | Depths:5 | Noticed a juggernaut
 68672 | Depths:5 | Killed a juggernaut
 68672 | Depths:5 | Reached skill level 15 in Air Magic
 68821 | Depths:5 | Found a gate to the Realm of Zot.
 69486 | Crypt:1  | Entered Level 1 of the Crypt
 69579 | Crypt:1  | Noticed Aizul
 69640 | Crypt:1  | Killed Aizul
 70019 | Crypt:1  | Reached skill level 10 in Stealth
 70191 | Crypt:1  | Learned a level 9 spell: Tornado
 71410 | Crypt:3  | Entered Level 3 of the Crypt
 72014 | Crypt:3  | Found an ancient bone altar of Kikubaaqudgha.
 72014 | Crypt:3  | Noticed an ancient lich
 72018 | Crypt:3  | Killed an ancient lich
 72086 | Crypt:3  | Identified the Compendium of Necromancy
 72090 | Crypt:3  | Identified the amulet of Gesoill {Fragile Regen+ Str+4 Int+5} (You found it on level 3 of the Crypt)
 72091 | Crypt:3  | Identified the ring of Day {rN+ SInv} (You found it on level 3 of the Crypt)
 72311 | Crypt:3  | Found a staircase to the Tomb.
 73218 | Hell     | Entered the Vestibule of Hell
 73218 | Hell     | Noticed Geryon
 73325 | Hell     | Killed Geryon
 73373 | Hell     | Reached skill level 10 in Charms
 73493 | Hell     | Found a gateway to the decaying netherworld of Tartarus.
 73559 | Hell     | Found a gateway to the ashen valley of Gehenna.
 73882 | Hell     | Found a gateway to the freezing wastes of Cocytus.
 73975 | Hell     | Found a gateway to the Iron City of Dis.
 74009 | Hell     | Upgraded the game from 0.20-a0-830-g2c9a30d to 0.20-a0-839-gdaf5c57
 74069 | Depths:1 | Voluntarily entered the Abyss.
 74115 | Abyss:2  | Found a corrupted altar of Lugonu.
 74698 | Abyss:3  | Reached skill level 27 in Fire Magic
 74791 | Abyss:3  | Got an abyssal rune of Zot
 74908 | Abyss:3  | Found an ancient bone altar of Kikubaaqudgha.
 74940 | Depths:1 | Escaped the Abyss
 75038 | Pan      | Entered Pandemonium
 75408 | Pan      | Noticed Erivi the pandemonium lord
 75416 | Pan      | Killed Erivi the pandemonium lord
 75841 | Pan      | Noticed Liug the pandemonium lord
 75848 | Pan      | Killed Liug the pandemonium lord
 75848 | Pan      | Reached skill level 15 in Translocations
 76154 | Pan      | Noticed Vopax the pandemonium lord
 76171 | Pan      | Killed Vopax the pandemonium lord
 76466 | Pan      | Found an exit through the horrors of the Abyss.
 77387 | Pan      | Reached skill level 5 in Necromancy
 77638 | Pan      | Found an exit through the horrors of the Abyss.
 77803 | Pan      | Noticed Joighu the pandemonium lord
 77836 | Pan      | Killed Joighu the pandemonium lord
 78322 | Pan      | Got a demonic rune of Zot
 78891 | Pan      | Found an exit through the horrors of the Abyss.
 79405 | Pan      | Noticed Biriwedgh the pandemonium lord
 79412 | Pan      | Killed Biriwedgh the pandemonium lord
 79460 | Pan      | Identified the Guide on the Blaze
 80029 | Pan      | Found an exit through the horrors of the Abyss.
 80240 | Pan      | Noticed Zacyuxu the pandemonium lord
 80273 | Pan      | Killed Zacyuxu the pandemonium lord
 80658 | Pan      | Gained mutation: Your body sometimes deteriorates upon taking damage. [a cacodemon]
 80875 | Pan      | Found a runed door.
 81039 | Pan      | Noticed Quiquphias the pandemonium lord
 81206 | Pan      | Killed Quiquphias the pandemonium lord
 81371 | Pan      | Found an exit through the horrors of the Abyss.
 81546 | Pan      | Reached skill level 10 in Fighting
 81693 | Pan      | Noticed Moeceum the pandemonium lord
 82169 | Pan      | Found an exit through the horrors of the Abyss.
 82315 | Pan      | Killed Moeceum the pandemonium lord
 82739 | Pan      | Noticed Kamm the pandemonium lord
 82744 | Pan      | Killed Kamm the pandemonium lord
 82822 | Pan      | Found an exit through the horrors of the Abyss.
 83070 | Pan      | Got a jewelled trident
 83071 | Pan      | Identified the +5 trident "Hiov Urgh" {speed, Int+2} (You found it in Pandemonium)
 83127 | Pan      | Gained mutation: You are occasionally teleported next to monsters. [a cacodemon]
 83152 | Pan      | Got an encrusted flail
 83153 | Pan      | Identified the +2 flail "Tiphien" {crush, MR+ MP+9} (You found it in Pandemonium)
 83368 | Pan      | Lost mutation: You are occasionally teleported next to monsters. [potion of mutation]
 83368 | Pan      | Lost mutation: Your body sometimes deteriorates upon taking damage. [potion of mutation]
 83368 | Pan      | Lost mutation: You are partially covered in molten scales. (AC +2) [potion of mutation]
 83368 | Pan      | Gained mutation: You have a pair of small horns on your head. [potion of mutation]
 83368 | Pan      | Gained mutation: Your muscles are very strong. (Str +4) [potion of mutation]
 83546 | Pan      | Found an exit through the horrors of the Abyss.
 83588 | Pan      | Noticed Atonekla the pandemonium lord
 83596 | Pan      | Killed Atonekla the pandemonium lord
 84232 | Pan      | Identified the +2 chain mail of the Blessed Realm {+Fly rElec} (You found it in Pandemonium)
 84322 | Pan      | Found an exit through the horrors of the Abyss.
 84460 | Pan      | Noticed Pelanla the pandemonium lord
 84953 | Pan      | Entered the realm of Cerebov.
 85471 | Pan      | Identified the +3 scale mail of Disaster {rN++ Stlth+} (You found it in Pandemonium)
 85528 | Pan      | Noticed Cerebov
 85546 | Pan      | HP: 1/155 [Cerebov/great serpentine sword {flame} (37)]
 85546 | Pan      | Identified the +6 sword of Cerebov {flame}
 85546 | Pan      | Slain by Cerebov

Vault maps used:
D:1:      dpeg_arrival_circle_labyrinth_c, minmay_misc_feat_diagonals,
          minivault_24, st_stairs_7
D:3:      minmay_rat_hole
D:4:      grunt_temple_overflow_diamond
D:5:      kennysheep_little_box, grunt_gozag_statues, first_bread, uniq_grinder
D:6:      minmay_temple_entry_hall, portal_sewer_entry_a, uniq_blork_the_orc,
          uniq_eustachio, uniq_sigmund, uniq_edmund
D:7:      uniq_joseph
D:8:      david_lair_shrubbed, hangedman_ranch, minmay_misc_feat_tiny
D:9:      marbit_many_paths, minmay_joined_circles, uniq_erolcha
D:10:     erik_orc_3
D:11:     minmay_tri_box
D:12:     basic_altar, hangedman_decor_riveting
D:13:     serial_shops, shop, nicolae_shop_trees, shop, shop, water_maze_lemuel
D:14:     erik_vaults_2, patterned_corridor, uniq_josephine
D:15:     grunt_enter_depths_magical_seal, uniq_kirke
Temple:   nicolae_temple_elliptical
Lair:1:   minmay_stone_trees_small, grunt_megastairs_3, serial_bayou_shore_b,
          uniq_nergalle
Lair:2:   minmay_shoals_entry_hut, nicolae_spider_entry_orb_guardian,
          enter_volcano_3, grunt_megastairs_1
Lair:3:   kb_xom_exploding_sheep, uniq_prince_ribbit2
Lair:5:   beast_lair_carwin_large_4, minmay_slime_entry_oklob_open,
          eino_small_chamber_without_monster
Lair:6:   minmay_lair_end_enchanted_forest, serial_forest,
          infiniplex_forest_lined_room_3, infiniplex_forest_lined_3,
          infiniplex_forest_clump_diagonal, infiniplex_forest_zigzag_1,
          infiniplex_forest_lined_room_2, infiniplex_forest_end_1,
          infiniplex_forest_clump_small, infiniplex_forest_straight_5,
          serial_bayou_pond_c
Shoals:1: cheibrodos_shoals_epimethial_gifts
Shoals:3: nicolae_shoals_flooded_hall
Shoals:4: shoals_end_grunt_garden, shoals_ilsuiw_alternative, yaktaur_hedge,
          uniq_nikola, uniq_ilsuiw
Spider:3: nicolae_arachne_temple
Spider:4: grunt_spider_rune_circles, uniq_arachne
Slime:1:  nicolae_slime_pool
Orc:1:    serial_shops, nicolae_shop_temple_entry_statues_fountains,
          portal_ice_cave_demonic_guard
Orc:2:    grunt_orc_gardens, grunt_orc_garden, grunt_orc_garden,
          grunt_orc_garden, grunt_orc_garden
Elf:1:    serial_shops, nicolae_shop_statue_plus, minmay_elf_sorcery,
          uniq_louise
Elf:2:    basic_stair_grate_trap, uniq_donald, uniq_jorgrun
Elf:3:    minmay_elf_hall_quartered_circle
Vaults:1: nicolae_vaults_branching_niches, v_pattern_2,
          nicolae_vaults_little_squares_1, vaults_dpeg_hooks,
          nicolae_vaults_border_crossing, v_alt_pattern_3,
          hangedman_vaults_restitches, hangedman_vaults_nodes, v_misc_23,
          vaults_room_grid, serial_shops, shop, serial_hangedman_research,
          hangedman_research_geology, hangedman_research_electronics
Vaults:2: nicolae_vaults_big_ls, ontoclasm_vaults_loading_screen,
          vaults_mumra_minichess_inversion, vaults_room_semicircle,
          dpeg_vaults_monster_box, nicolae_vaults_stairing_the_circle,
          v_misc_26, hangedman_vaults_hat, hangedman_vaults_stretched_pinwheel,
          grunt_vaults_focal, nicolae_vaults_gold_heap, v_misc_19,
          v_alt_pattern_4, vaults_room_guarded_vault, serial_shops, shop,
          uniq_asterion, uniq_bai_suzhen, uniq_sojobo, uniq_boris
Vaults:3: dpeg_vaults_waves, minmay_crypt_entry_necro_gods,
          nicolae_vaults_little_squares_1, v_misc_31, vaults_room_fours,
          nicolae_vaults_little_squares_1, uniq_jory
Vaults:4: v_misc_24, vaults_room_pool, v_rooms_2, vaults_room_ringed_pool,
          hangedman_vaults_stagger, ontoclasm_vaults_idyll,
          nicolae_vaults_theta, vaults_room_stairs_pillars, serial_shops, shop,
          uniq_xtahua, uniq_frederick
Vaults:5: serial_shops, uniq_mara
Crypt:1:  minmay_guarded_unrand_skullcrusher, uniq_aizul
Crypt:2:  minmay_shadows
Crypt:3:  cryptofortress_bobbens
Depths:1: abyss_entry_flame_altar, grunt_hell_entry_dis_mu,
          basic_loot_grate_trap, minmay_checkered_concentric_circles
Depths:2: grunt_twisty_corner, lightli_too_deep, mu_enter_wizlab_2,
          serial_glass, glass_columns_a, glass_columns_b,
          infiniplex_staircase_door_maze, minmay_shop_grove,
          serial_bayou_shore_a
Depths:3: minmay_guarded_unrand_sceptre_of_torment,
          minmay_staircase_windowed_small, hell_entry, abyss_entry, pan_entry
Depths:4: minmay_split_circle, hell_entry, nicolae_lava_and_water, abyss_entry,
          minivault_16, kennysheep_generic_room_14
Depths:5: hangedman_slaughterboxes, hell_entry, uniq_mennas
Abyss:3:  dshaligram_kb_abyss_rune_zappy_water_cross
Pan:      rand_demon_8, evilmike_mini_pan_corridor, pan_blood_fountain_small,
          evilmike_mini_pan_diamond, pan_blood_fountain_small,
          lemuel_hall_of_pain, pan_blood_fountain, evilmike_mini_pan_3x3,
          pan_blood_fountain_2, evilmike_mini_pan_branches,
          nicolae_pan_mnolegish_4, reaverb_pan_squares, nicolae_pan_hourglass,
          pan_blood_fountain_small, nicolae_pan_double_arrow,
          pan_blood_fountain_small, nicolae_pan_cerebovesque_4, rand_demon_9,
          pan_blood_fountain_small, evilmike_mini_pan_corridor,
          evilmike_mini_pan_doors_b, nicolae_pan_sigil_eeng,
          nicolae_pan_mnolegish_5, evilmike_mini_pan_diamond,
          grunt_pan_pentagram, rand_demon_4, pan_captured_pigsty, cerebov_st,
          pan_blood_fountain_small
Sewer:    sewer_co_15_rooms
IceCv:    ice_cave_small_necro
Volcano:  volcano_pools
WizLab:   wizlab_cloud

Skill      XL: |  1  2  3  4  5  6  7  8  9 10 11 12 13 14 15 16 17 18 19 20 21 22 23 24 25 26 27 |
---------------+----------------------------------------------------------------------------------+-----
Fire Magic     | 4 5 6 7 8 9 11 12 13 14 15 16 17 19 20 21 22 23 24 25 27 | 27.0
Stealth        | 3 4 5 6 7 8 9 10 | 10.9
Spellcasting   | 4 5 6 8 10 12 13 15 16 17 18 19 20 22 23 25 26 27 | 27.0
Conjurations   | 2 3 4 6 7 8 10 11 12 13 14 15 16 17 18 19 20 21 25 | 25.3
Dodging        | 3 4 5 6 7 8 9 10 12 | 12.3
Short Blades   | 1 2 3 4 5 |  5.6
Fighting       | 1 2 3 4 6 7 8 11 | 11.1
Shields        | 1 2 4 5 6 7 9 10 14 | 14.5
Hexes          | 1 2 |  2.7
Throwing       | 1 |  1.1
Air Magic      | 2 4 5 6 7 8 10 11 12 13 14 18 | 18.7
Charms         | 3 4 5 6 7 8 9 11 | 11.4
Summonings     | 1 2 3 4 5 6 |  6.3
Transmutations | 1 2 |  2.0
Armour         | 1 2 3 4 5 6 |  6.3
Evocations     | 1 2 |  2.2
Staves         | 1 2 3 4 |  4.6
Translocations | 4 7 9 11 12 14 15 | 15.5
Ice Magic      | 2 4 5 8 |  8.7
Necromancy     | 1 2 6 |  6.9
Long Blades    | |  0.5

Action                   |  1- 3 |  4- 6 |  7- 9 | 10-12 | 13-15 | 16-18 | 19-21 | 22-24 | 25-27 || total
-------------------------+-------+-------+-------+-------+-------+-------+-------+-------+-------++-------
Melee: Dagger            |    10 |    61 |    45 |   142 |    90 |    30 |       |       |       ||   378
       Kick              |       |       |     3 |    25 |       |       |       |       |       ||    28
       Staff             |       |       |       |       |     5 |    78 |   101 |    54 |   308 ||   546
       Falchion          |       |       |       |       |       |     2 |       |       |       ||     2
       Flail             |       |       |       |       |       |       |       |       |     7 ||     7
       Headbutt          |       |       |       |       |       |       |       |       |     2 ||     2
Throw: Tomahawk          |       |       |       |     5 |       |     1 |       |       |       ||     6
 Cast: Flame Tongue      |    42 |    41 |    36 |    27 |    62 |    49 |     5 |       |       ||   262
       Throw Flame       |    11 |    61 |    87 |    84 |    55 |    59 |    29 |     8 |     1 ||   395
       Conjure Flame     |     2 |     1 |     4 |     8 |       |       |       |       |       ||    15
       Sticky Flame      |       |     5 |    16 |    38 |    62 |    89 |     4 |       |       ||   214
       Fireball          |       |       |    18 |    98 |   167 |   188 |   131 |    46 |   130 ||   778
       Inner Flame       |       |       |       |    13 |     3 |     1 |       |       |       ||    17
       Iskenderun's Batt |       |       |       |    19 |    49 |    43 |    28 |     7 |     2 ||   148
       Summon Lightning  |       |       |       |     7 |    21 |    18 |     5 |       |       ||    51
       Orb of Destructio |       |       |       |     7 |       |    15 |    12 |    32 |   105 ||   171
       Ignite Poison     |       |       |       |     3 |     2 |     1 |       |       |       ||     6
       Bolt of Fire      |       |       |       |       |    19 |   202 |   174 |   207 |   644 ||  1246
       Deflect Missiles  |       |       |       |       |     3 |     1 |     3 |     3 |     3 ||    13
       Spellforged Servi |       |       |       |       |       |    10 |     9 |     5 |    52 ||    76
       Ignition          |       |       |       |       |       |    14 |   140 |   109 |   268 ||   531
       Airstrike         |       |       |       |       |       |    42 |    29 |     3 |    29 ||   103
       Ring of Flames    |       |       |       |       |       |       |     5 |     2 |     1 ||     8
       Force Lance       |       |       |       |       |       |       |     2 |    18 |   100 ||   120
       Bolt of Cold      |       |       |       |       |       |       |       |    28 |   206 ||   234
       Regeneration      |       |       |       |       |       |       |       |       |    78 ||    78
       Animate Dead      |       |       |       |       |       |       |       |       |    12 ||    12
       Tornado           |       |       |       |       |       |       |       |       |    26 ||    26
       Controlled Blink  |       |       |       |       |       |       |       |       |     8 ||     8
Evoke: Wand              |       |       |       |     3 |     1 |     2 |     4 |     2 |     7 ||    19
       Staff of energy   |       |       |       |       |       |     2 |       |       |       ||     2
  Use: Scroll            |       |       |    12 |    10 |    23 |    18 |    21 |    12 |    33 ||   129
       Potion            |       |       |    11 |     3 |     4 |     8 |     5 |     3 |    15 ||    49
 Stab: Sleeping          |     5 |     4 |     6 |     6 |     4 |     3 |     2 |     2 |     4 ||    36
       Distracted        |       |       |       |     1 |     1 |     1 |     1 |       |     3 ||     7
  Eat: Chunk             |     2 |    10 |    14 |    31 |    23 |    39 |    26 |    24 |    34 ||   203
       Royal jelly       |       |       |     2 |     1 |     2 |     4 |     4 |     2 |    16 ||    31
       Meat ration       |       |       |       |       |       |       |       |       |     3 ||     3
       Bread ration      |       |       |       |       |       |       |       |       |     1 ||     1
       Fruit             |       |       |       |       |       |       |       |       |     1 ||     1
Armor: Robe              |     5 |     9 |     7 |    34 |    40 |    81 |       |       |       ||   176
       Leather armour    |       |       |       |       |       |    11 |    43 |    25 |   148 ||   227
Dodge: Dodged            |    15 |    37 |    46 |   124 |    96 |   273 |    87 |    78 |   400 ||  1156
       Deflected         |       |       |       |       |     5 |    11 |    43 |    25 |    82 ||   166
Block: Buckler           |       |       |       |    32 |    35 |   113 |    10 |       |       ||   190
       Shield            |       |       |       |       |       |       |    90 |   138 |   627 ||   855
       Reflection        |       |       |       |       |       |       |    24 |    32 |    35 ||    91
       Rpst.: Falchion   |       |       |       |       |       |     3 |       |       |       ||     3
